 Dungeon Crawl Stone Soup version 0.23-a0-635-g88ca12a (webtiles) character file.

1 wazuzu the Ogre Mage (level 1, 0/16 HPs)
             Began as an Ogre Wizard on Dec 27, 2018.
             Slain by a bat (1 damage)
             ... on level 1 of the Dungeon.
             The game lasted 00:01:35 (111 turns).

wazuzu the Ogre Mage (Ogre Wizard)                   Turns: 111, Time: 00:01:36

Health: 0/16       AC:  3    Str: 10    XL:     1   Next: 20%
Magic:  1/5        EV: 10    Int: 19    God:
Gold:   0          SH:  0    Dex:  7    Spells: 6/7 levels left

rFire    . . .     SeeInvis .   (no weapon)
rCold    . . .     Gourm    .   (no shield)
rNeg     . . .     Faith    .   a - +0 robe
rPois    .         Spirit   .   b - +0 hat
rElec    .         Reflect  .   (no cloak)
rCorr    .         Harm     .   (gloves unavailable)
MR       .....                  (boots unavailable)
Stlth    +.........             (no amulet)
HPRegen  0.05/turn              (no ring)
MPRegen  0.09/turn              (no ring)

@: about to teleport
A: large, unfitting armour, tough skin 1
a: no special abilities


You were on level 1 of the Dungeon.
You were not hungry.

You visited 1 branch of the dungeon, and saw 1 of its levels.

Inventory:

Missiles
 c - 33 stones (quivered)
Armour
 a - a +0 robe (worn)
 b - a +0 hat (worn)
Scrolls
 e - a scroll of teleportation
Comestibles
 d - a ration


   Skills:
 - Level 1.7 Dodging
 - Level 1.4 Stealth
 + Level 3.6 Spellcasting
 + Level 1.0 Conjurations
   Level 0.8 Summonings
   Level 0.8 Translocations


You had 6 spell levels left.
You knew the following spells:

 Your Spells              Type           Power        Failure   Level  Hunger
z - Magic Dart            Conj           #...         10%         1    None

Your spell library contained the following spells:

 Spells                   Type           Power        Failure   Level  Hunger
 Blink                    Tloc           N/A          16%         2    ##.....
 Call Imp                 Summ           #.......     16%         2    ##.....
 Slow                     Hex            #.......     22%         2    ##.....
 Conjure Flame            Conj/Fire      #.......     34%         3    ###....
 Mephitic Cloud           Conj/Pois/Air  #.......     36%         3    ###....


Dungeon Overview and Level Annotations

Branches:
Dungeon (1/15)

Altars:


Innate Abilities, Weirdness & Mutations

You are too large for most types of armour.
You have tough skin. (AC +1)


Message History

Press: ? - help, Shift-Dir - straight line, f/p - bat
Aim: a bat The magic dart hits the bat!
The bat closely misses you! The bat hits you but does no damage!
The bat barely misses you! The bat hits you but does no damage!
The bat hits you! * * * don't die
* * * The bat hits you but does no damage!
The bat hits you but does no damage!
You see here a stone!
c - 33 stones (gained 1)
The bat misses you! The bat hits you! * * * don't die
* * * Wield which item (- for none, * to show all)? (? for menu, Esc to quit)
Okay, then!
As you read the scroll labeled JUMUUXU WAPAPE, it crumbles to dust!
You feel strangely unstable!
It was a scroll of teleportation!
The bat closely misses you! The bat hits you! rip

. .$..#. .. #.....
#.####...#
#.#......#####.
###.#.##..##.....
###.....#......#
##..............#
##..#.#....#.#.#...#
..##.#.@###.#.# .#
#....#.b+ +.#.+ #.#
#.####+#'#### ##.#
#K#....(....# #..#
#.#..#.8.#..#.
#b#####.....≈.≈...... ..
##.#.....#.........##.#
....#....###.#..#...#..#
#
##.....####.#.........#


You could see a bat and a kobold.

Vanquished Creatures
  A bat (D:1)
1 creature vanquished.

Notes
Turn   | Place    | Note
-------+----------+-------------------------------------------
     0 | D:1      | wazuzu the Ogre Wizard began the quest for the Orb.
     0 | D:1      | Reached XP level 1. HP: 16/16 MP: 5/5
    61 | D:1      | Reached skill level 1 in Conjurations
   111 | D:1      | Slain by a bat

Vault maps used:
D:1:      shiori_arrival_oz

Skill      XL: |  1 |
---------------+----+-----
Conjurations   | 1 |  1.0
Dodging        | |  1.7
Stealth        | |  1.4
Spellcasting   | |  3.6
Summonings     | |  0.8
Translocations | |  0.8

Action                   || total
-------------------------++-------
Melee: Unarmed           ||    16
 Cast: Magic Dart        ||     9
  Use: Scroll            ||     1
Armor: Robe              ||    44
Dodge: Dodged            ||    43

Table legend:
 A = Non-vault XP
 B = Vault XP
 C = Vault XP percentage of total XP
 D = Non-vault monster count
 E = Vault monster count
 F = Vault count percentage of total count
                 A         B        C        D         E       F
            +---------+---------+-------+---------+---------+-------
      Total |       2 |       0 |   0.0 |       1 |       0 |   0.0
            +---------+---------+-------+---------+---------+-------
        D:1 |       2 |       0 |   0.0 |       1 |       0 |   0.0
            +---------+---------+-------+---------+---------+-------
